 Dungeon Sprint DCSS version bcrawl-1.21.2-1-g32d02e0829 (webtiles) character file.

Game seed: 8731750791786550531

13 MordorOrchid the Ducker (level 2, -3/36 HPs)
             Began as an Oni Fire Elementalist on Feb 19, 2020.
             Killed by divine providence
             ... invoked by an orc priest
              (15 damage)
             ... in the Dungeon (Sprint IX: "|||||||||||||||||||||||||||||").
             The game lasted 00:01:18 (94 turns).

MordorOrchid the Ducker (Oni Fire Elementalist)       Turns: 94, Time: 00:01:19

Health: -3/36      AC:  2    Str: 16    XL:     2   Next: 37%
Magic:  0/7        EV: 13    Int: 16    God:
Gold:   0          SH:  0    Dex: 11    Spells: 4/5 levels left

rFire    . . .     SeeInvis .   k - +0 whip
rCold    . . .     Gourm    .   (no shield)
rNeg     . . .     Faith    .   a - +0 animal skin
rPois    .         Spirit   .   (helmet restricted)
rElec    .         Reflect  .   (no cloak)
rCorr    .         Harm     .   (no gloves)
MR       .....     NoTele   +   (no boots)
Stlth    ..........             (no amulet)
HPRegen  0.12/turn              (no ring)
MPRegen  0.10/turn              (no ring)

@: berserking, very slightly contaminated, hasted, very quick
A: oni magic, claws 1, fangs 1, horns 1
a: no special abilities


You were in the Dungeon.
You were not hungry.

You visited 1 branch

Inventory:

Hand Weapons
 k - a +0 whip (weapon)
Missiles
 c - 40 stones (quivered)
Armour
 a - a +0 animal skin (worn)
Scrolls
 j - a scroll of blinking
Potions
 d - a potion of curing
 h - 2 potions of magic
Comestibles
 b - a chunk of flesh
 e - a ration {!d}


   Skills:
 * Level 1.9 Fighting
 + Level 3.1 Dodging
 - Level 1.7 Stealth
 + Level 2.4 Spellcasting
   Level 2.4 Conjurations
   Level 2.4 Hexes
   Level 2.4 Charms
   Level 2.4 Summonings
   Level 2.4 Necromancy
   Level 2.4 Translocations
   Level 2.4 Transmutations
   Level 2.4 Fire Magic
   Level 2.4 Ice Magic
   Level 2.4 Air Magic
   Level 2.4 Earth Magic
   Level 2.4 Poison Magic


You had 4 spell levels left.
You knew the following spells:

 Your Spells              Type           Power        Failure   Level  Hunger
a - Flame Tongue          Conj/Fire      #....        8%          1    #......

Your spell library contained the following spells:

 Spells                   Type           Power        Failure   Level  Hunger
 Infusion                 Chrm           ##......     6%          1    #......
 Flaming Arrows           Chrm/Fire      #.......     11%         2    ###....
 Conjure Flame            Conj/Fire      #.......     22%         3    ###....
 Inner Flame              Hex/Fire       N/A          22%         3    ###....
 Sticky Flame             Conj/Fire      #.......     58%         4    #####..
 Fireball                 Conj/Fire      #.........   90%         5    ######.


Dungeon Overview and Level Annotations

Branches:
Dungeon (1/1)

Altars:


Innate Abilities, Weirdness & Mutations

You learn spells by gaining experience, not through books or religion.
You only train spellcasting to practice magic.
You have sharp fingernails.
You have very sharp teeth.
You have a pair of small horns on your head.


Message History

Aiming: Flame Tongue (safe; 8% risk of failure)
Press: ? - help, Shift-Dir - straight line, f - orc priest
Aim: an orc priest, wielding a +0 flail You miscast Flame Tongue.
You are very lightly contaminated with residual magic.
You are momentarily dazzled by a flash of light!
Casting: Flame Tongue (safe; 8% risk of failure)
Confirm with . or Enter, or press ? or * to list all spells.
Aiming: Flame Tongue (safe; 8% risk of failure)
Press: ? - help, Shift-Dir - straight line, f/p - orc priest
Aim: an orc priest, wielding a +0 flail You miscast Flame Tongue.
Nothing appears to happen.
The orc priest hits you with a +0 flail!
A red film seems to cover your vision as you go berserk!
You feel yourself moving faster!
You feel mighty!
You whack the orc priest! Your headbutt misses the orc priest.
The orc priest is almost dead.
The orc priest calls down the wrath of Beogh upon you.
Beogh smites you!
You die...

▓.▓
▓.▓
▓.▓
▓†▓
▓.▓
▓.▓
▓.▓
▓.▓
▓@▓
▓o▓
▓s▓
▓a▓
▓Z▓
▓.▓
▓.▓
▓+▓


You could see a scorpion, a worker ant, an orc priest and a leopard gecko
skeleton.

Vanquished Creatures
  An adder (D)
  A giant cockroach (D)
  A ball python (D)
  2 bats (D)
  A kobold (D)
6 creatures vanquished.

Notes
Turn   | Place    | Note
-------+----------+-------------------------------------------
     0 | D        | MordorOrchid the Oni Fire Elementalist began the quest for
                  | the Orb.
     0 | D        | Reached XP level 1. HP: 14/14 MP: 4/4
     4 | D        | Reached skill level 2 in Dodging
    52 | D        | Reached skill level 1 in Fighting
    86 | D        | Noticed an orc priest
    86 | D        | Noticed a scorpion
    86 | D        | Noticed a worker ant
    90 | D        | Reached skill level 3 in Dodging
    90 | D        | Reached XP level 2. HP: 17/24 MP: 2/7
    94 | D        | Killed from afar by an orc priest

Skill      XL: |  1 |
---------------+----+-----
Dodging        | 3 |  3.1
Fighting       | 1 |  1.9
Spellcasting   | 2 |  2.4
Stealth        | |  1.7
Conjurations   | |  2.4
Hexes          | |  2.4
Charms         | |  2.4
Summonings     | |  2.4
Necromancy     | |  2.4
Translocations | |  2.4
Transmutations | |  2.4
Fire Magic     | |  2.4
Ice Magic      | |  2.4
Air Magic      | |  2.4
Earth Magic    | |  2.4
Poison Magic   | |  2.4

Action                   || total
-------------------------++-------
Melee: Unarmed           ||     1
       Whip              ||     1
 Cast: Flame Tongue      ||     9
  Use: Potion            ||     3
Dodge: Dodged            ||     5
